 Dungeon Crawl Stone Soup version 0.31-a0-1308-ga3cce3a448 (webtiles) character file.

Game seed: 3934089535280220337

4575 parrotman the Protected (level 10, -1/132 HPs)
             Began as a Minotaur Berserker on Dec 20, 2023.
             Was an Elder of Trog.
             Succumbed to an orc priest's poison
             ... on level 8 of the Dungeon.
             The game lasted 01:09:12 (10300 turns).

parrotman the Protected (Minotaur Berserker)       Turns: 10300, Time: 01:09:12

Health: -1/132     AC: 15    Str: 24    XL:     10   Next: 18%
Magic:  9/9        EV:  8    Int: 10    God:    Trog [****..]
Gold:   1288       SH:  0    Dex: 12    Spells: 9/9 levels left

rFire   x . .        r - +2 dire flail (heavy)
rCold   + . .        (shield currently unavailable)
rNeg    . . .        E - +1 plate armour
rPois   .            (helmet restricted)
rElec   .            (no cloak)
rCorr   .            (no gloves)
SInv    .            (no boots)
Will    .....        (no amulet) Stlth
                     c - ring of ice
HPRegen 0.42/turn    C - +6 ring of intelligence
MPRegen 0.11/turn

%: no passive effects
@: berserking, lethally poisoned (-1 -> -13), studying Throwing, very quick
A: horns 2, retaliatory headbutt
a: Renounce Religion, Berserk, Trog's Hand, Brothers in Arms


You were on level 8 of the Dungeon.
You worshipped Trog.
Trog was greatly pleased with you.
You visited 1 branch of the dungeon, and saw 8 of its levels.
You also visited: Sewer.

You collected 1366 gold pieces.
You spent 78 gold pieces at shops.

Inventory:

Hand Weapons
 n - a +2 trident of flaming
 r - a +2 heavy dire flail (weapon)
 u - a +2 great sword
Armour
 e - a +1 leather armour
 f - a +0 buckler
 k - a +1 chain mail
 s - a +0 scale mail
 y - a +3 chain mail of poison resistance
 E - a +1 plate armour (worn)
Jewellery
 c - a ring of ice (left hand)
 C - a +6 ring of intelligence (right hand)
Scrolls
 j - a scroll of immolation
 m - a scroll of poison
 o - a scroll of revelation
 p - a scroll of blinking
 q - 4 scrolls of teleportation
 t - a scroll of fear {unknown}
 x - 2 scrolls of amnesia {unknown}
Potions
 b - 2 potions of invisibility
 h - 2 potions of haste {unknown}
 i - a potion of mutation
 l - a potion of curing
 w - a potion of enlightenment
 z - 2 potions of might
 A - a potion of ambrosia
 B - a potion of resistance {unknown}
 D - a potion of attraction {unknown}


   Skills:
 + Level 7.7 Fighting
 + Level 5.4 Long Blades
 + Level 6.6 Maces & Flails
 + Level 5.5 Polearms
 + Level 8.5 Throwing
 + Level 9.4 Armour
 + Level 4.4 Dodging
 + Level 1.4 Stealth
 + Level 2.9 Shields


You had 9 spell levels left.
You didn't know any spells.
Your spell library was empty.

Dungeon Overview and Level Annotations

Branches:
Dungeon (8/15)             Temple (0/1) D:5           Sewer (visited)
   Lair: D:8-11

Altars:
Kikubaaqudgha
Sif Muna

Shops:
D:2 ?   D:4 ?   D:7 [!!   D:8 *

Annotations:
D:8 2 transporters, Firecrotchwizard's ghost, novice BaIE


Innate Abilities, Weirdness & Mutations

You have a pair of horns on your head.
You reflexively headbutt those who attack you in melee.


Message History

The vampire is lightly damaged.
You feel very sick.
The orc priest mumbles some strange prayers to Beogh against you.
The vampire casts a spell.
The vampire flickers and vanishes!
Something hits you but does no damage. Something bites you but does no damage.
A red film seems to cover your vision as you go berserk!
You feel yourself moving faster!
You feel mighty!
You feel sick.
The orc priest hits you but does no damage.
You are more poisoned.
Something hits you.
* * * LOW HITPOINT WARNING * * *
Something bites you but does no damage. Something hits you but does no damage.
Something bites you.
* * * LOW HITPOINT WARNING * * *
Something draws strength from your injuries!
You hit something but do no damage.
You feel very sick.
The orc priest hits you but does no damage.
You are more poisoned.
Something hits you but does no damage. Something bites you.
* * * LOW HITPOINT WARNING * * *
Something draws strength from your injuries!
Something hits you!
* * * LOW HITPOINT WARNING * * *
Something bites you.
* * * LOW HITPOINT WARNING * * *
Something draws strength from your injuries!
You miss something. Your headbutt misses something.
* * * LOW HITPOINT WARNING * * *
You feel very sick. The orc priest barely misses you. Something hits you!
* * * LOW HITPOINT WARNING * * *
Something bites you but does no damage. Something hits you but does no damage.
Something bites you.
* * * LOW HITPOINT WARNING * * *
Something draws strength from your injuries!
Okay, then.
You barely miss something. Your headbutt misses something.
You die...

#########
########.:...@{#
#........#####)#
#.######## .o.
### #.# (### #.#
#.# (. #.# # #.#
### (# #.#
####.# #.# ))
#.# .....#
#.#### .#
#.##### ..>###
#....# #.....#


You could see an orc priest.

Vanquished Creatures
  A two-headed ogre (D:8)
  A deep elf pyromancer (D:8)
  A kobold demonologist (D:7)
  Grinder (D:4)
  A vampire (D:8)
  Eustachio (D:4)
  Edmund (D:4)
  2 orc warriors
  A sky beast (D:7)
  4 black bears
  Pargi (Sewer)
  3 ice beasts
  3 ogres
  A brain worm (Sewer)
  A kobold brigand (D:6)
  A scorpion (D:4)
  3 bullfrogs
  5 wights (D:7)
  3 killer bees (D:7)
  2 howler monkeys
  An orc priest (D:5)
  3 hounds (D:4)
  A sleepcap (D:6)
  6 iguanas
  4 orc wizards
  Robin (D:4)
  A river rat (D:4)
  10 adders
  A shadow imp (D:6)
  A worm (D:4)
  A dart slug (D:2)
  14 orcs
  8 ball pythons
  3 bats
  5 endoplasms
  3 giant cockroaches
  18 goblins
  6 hobgoblins
  7 jackals
  3 quokkas
  8 frilled lizards
  13 kobolds
  4 rats
159 creatures vanquished.

Notes
Turn   | Place    | Note
-------+----------+-------------------------------------------
     0 | D:1      | parrotman the Minotaur Berserker began the quest for the
                  | Orb.
     0 | D:1      | Reached XP level 1. HP: 19/19 MP: 0/0
   152 | D:1      | Reached XP level 2. HP: 20/27 MP: 1/1
   190 | D:1      | Found a faded altar of an unknown god.
  1010 | D:2      | Reached XP level 3. HP: 18/33 MP: 2/2
  1025 | D:2      | Reached ** piety under Trog
  1911 | D:2      | Reached skill level 3 in Armour
  1914 | D:2      | Reached skill level 1 in Throwing
  1950 | D:2      | Reached XP level 4. HP: 40/40 MP: 3/3
  2073 | D:2      | Found The Oracle's Delphic Readings.
  2102 | D:2      | Bought a scroll of identify for 26 gold pieces
  2102 | D:2      | Bought a scroll of identify for 26 gold pieces
  2102 | D:2      | Bought a scroll of identify for 26 gold pieces
  3419 | D:4      | Noticed a black bear
  3426 | D:4      | Killed a black bear
  3427 | D:4      | Reached skill level 5 in Long Blades
  3427 | D:4      | Reached XP level 5. HP: 47/47 MP: 4/4
  3496 | D:4      | Identified a scroll of acquirement
  3500 | D:4      | Acquired a manual of Throwing
  3524 | D:4      | Noticed Robin
  3547 | D:4      | Killed Robin
  3552 | D:4      | Reached *** piety under Trog
  3554 | D:4      | Noticed Grinder
  3573 | D:4      | Paralysed by Grinder for 4 turns
  3579 | D:4      | Killed Grinder
  3580 | D:4      | Reached skill level 1 in Polearms
  3580 | D:4      | Reached skill level 4 in Armour
  3580 | D:4      | Reached XP level 6. HP: 16/53 MP: 5/5
  3826 | D:4      | Found Lagampet's Magic Scroll Shoppe.
  4027 | D:4      | Found a glowing drain.
  4043 | Sewer    | Entered a sewer
  4092 | Sewer    | Reached XP level 7. HP: 56/60 MP: 6/6
  4124 | Sewer    | Noticed Pargi
  4135 | Sewer    | Killed Pargi
  4136 | Sewer    | Reached skill level 5 in Fighting
  4136 | Sewer    | Reached skill level 5 in Throwing
  4222 | D:4      | Noticed Edmund
  4233 | D:4      | Killed Edmund
  4234 | D:4      | Reached skill level 1 in Shields
  4517 | D:4      | Noticed Eustachio
  4557 | D:4      | Killed Eustachio
  5241 | D:4      | Reached skill level 5 in Armour
  5241 | D:4      | Reached XP level 8. HP: 68/68 MP: 7/7
  5483 | D:5      | Entered Level 5 of the Dungeon
  5638 | D:5      | Found a staircase to the Ecumenical Temple.
  6315 | D:6      | Reached skill level 5 in Polearms
  6356 | D:6      | Reached skill level 6 in Armour
  6432 | D:6      | Reached skill level 1 in Maces & Flails
  7336 | D:6      | Reached skill level 7 in Armour
  7694 | D:7      | Found Fiamn's Antique Armour Shop.
  7694 | D:7      | Found Ucesh's Distillery.
  7694 | D:7      | Found Yxkix's Distillery.
  7898 | D:7      | Reached XP level 9. HP: 75/75 MP: 8/8
  8030 | D:7      | Reached skill level 1 in Stealth
  8095 | D:7      | Noticed a kobold demonologist
  8105 | D:7      | Noticed an orange demon
  8121 | D:7      | Killed a kobold demonologist
  8122 | D:7      | Reached skill level 8 in Armour
  8402 | D:7      | Reached **** piety under Trog
  8573 | D:7      | Found a shimmering blue altar of Sif Muna.
  8624 | D:7      | Found an ancient bone altar of Kikubaaqudgha.
  9345 | D:8      | Found Pejemiyk's Assorted Antiques.
  9646 | D:8      | Reached skill level 5 in Maces & Flails
  9700 | D:8      | Noticed Firecrotchwizard's ghost (novice BaIE)
  9701 | D:8      | Found a transporter.
  9705 | D:8      | Found a transporter.
  9728 | D:8      | Noticed a queen bee
  9743 | D:8      | Noticed a two-headed ogre
  9750 | D:8      | Killed a two-headed ogre
 10147 | D:8      | Reached XP level 10. HP: 86/86 MP: 9/9
 10210 | D:8      | Acquired 1021 gold pieces
 10271 | D:8      | Noticed a deep elf pyromancer
 10278 | D:8      | Reached skill level 9 in Armour
 10290 | D:8      | Killed a deep elf pyromancer
 10299 | D:8      | HP: 5/132 [something (10)]
 10299 | D:8      | HP: 2/132 [something (3)]
 10300 | D:8      | Succumbed to an orc priest's poison

Illustrated notes

Levels and vault maps discovered:
D:1:      ebering_hopf_link, layout_loops_ring,
          shapermc_ecumenical_altar_flowoftime, minmay_pentomino_t4
D:2:      layout_rooms, nicolae_nh_oracle_at_delphi
D:3:      layout_basic, serial_bayou_lake_a
D:4:      layout_basic, mainiacjoe_sewer_entry_somewhere_in_here_1,
          serial_shops, nicolae_shop_tiny_statue_garden, chequers_big_river,
          grunt_ministairs_5, minivault_24, serial_bayou_pond_d, uniq_edmund,
          uniq_robin, uniq_grinder, uniq_eustachio
D:5:      layout_loops_cross, minmay_temple_entry_junction_2
D:6:      layout_cave_pods, nicolae_nh_ransacked_shop
D:7:      layout_basic, minitemple, nicolae_shop_distant_corner_stores,
          kennysheep_small_square
D:8:      layout_basic, serial_shops, nicolae_stop_n_shop_2,
          gammafunk_ghost_hive, serial_library_hellmonk_metal_room

Skill      XL: |  1  2  3  4  5  6  7  8  9 10 |
---------------+-------------------------------+-----
Fighting       | 4 5 6 7 |  7.7
Long Blades    | 4 5 |  5.4
Armour         | 3 4 5 7 8 9 |  9.4
Throwing       | 1 2 4 5 6 8 |  8.5
Polearms       | 1 2 4 5 |  5.5
Dodging        | 3 4 |  4.4
Shields        | 2 |  2.9
Maces & Flails | 3 6 |  6.6
Stealth        | 1 |  1.4

Action                     |  1- 3 |  4- 6 |  7- 9 | 10-12 || total
---------------------------+-------+-------+-------+-------++-------
  Melee: Falchion          |    75 |    44 |       |       ||   119
         Headbutt          |     7 |    16 |    30 |     3 ||    56
         Trident           |       |    54 |    72 |       ||   126
         Dire flail        |       |       |   128 |    11 ||   139
  Throw: Dart              |    24 |    48 |    77 |     9 ||   158
 Invoke: Berserk           |     1 |     1 |     1 |     1 ||     4
    Use: Scroll            |     6 |     6 |     6 |     1 ||    19
         Potion            |     3 |       |     2 |     5 ||    10
 Armour: Leather armour    |    54 |    18 |       |       ||    72
         Animal skin       |     3 |       |       |       ||     3
         Skin              |     1 |       |       |       ||     1
         Chain mail        |       |    53 |   282 |       ||   335
         Plate armour      |       |       |    31 |    40 ||    71
  Dodge: Dodged            |    57 |    53 |   138 |    10 ||   258
  Block: Buckler           |       |    14 |    20 |       ||    34

Table legend: (Time is in decaauts)
 A = Elapsed time spent in this place.
 B = Non-inter-level travel time spent in this place.
 C = Inter-level travel time spent in this place.
 D = Time resting spent in this place.
 E = Time spent auto-exploring this place.
 F = Levels seen in this place.
 G = Mean time per level.
                   A        B        C        D        E       F      G
               +--------+--------+--------+--------+--------+-----+--------+
         Total |  10574 |   3983 |   6591 |   1413 |   1141 |   9 | 1174.9 |
       Dungeon |  10360 |   3769 |   6591 |   1413 |   1141 |   8 | 1295.0 |
         Sewer |    213 |    213 |      0 |      0 |      0 |   1 |  213.0 |
               +--------+--------+--------+--------+--------+-----+--------+

Top non-repeatable levels by time:
     D:4: 2027 daAuts
     D:7: 1600 daAuts
     D:2: 1593 daAuts
     D:6: 1492 daAuts
     D:8: 984 daAuts
     D:3: 951 daAuts
     D:1: 891 daAuts
     D:5: 818 daAuts
   Sewer: 213 daAuts
